Workbook

Sheet Aquisition Model
A1: PavCorp – 24 Andrews Dr Acquisition Model
A2: Blue = input (editable). Black = calculated.
A4: PROPERTY
A5: Total Acres | B5: 4.7
A6: Building SF | B6: 27326
A7: Tenant A – Seller Leaseback (acres) | B7: 2
A8: Tenant B – PavXpress (acres) | B8: 2.7
A9: Total Acres | B9: =B7+B8 -> 4.7
A11: PURCHASE & FINANCING
A12: Purchase Price | B12: 14000000
A13: Dockzilla | B13: 3000000
A14: LTV % | B14: 0.85
A15: Loan Amount | B15: =(B12+B13)*B14 -> 14450000
A16: Equity Required | B16: =B12+B13-B15 -> 2550000
A17: Interest Rate | B17: 0.07
A18: Amortization (years) | B18: 25
A19: Annual Debt Service | B19: =-PMT(B17/12,B18*12,B15)*12 -> 1225555.1
A20: Monthly Debt Service | B20: =B19/B5/12 -> 21729.701
A21: RENT (per acre / month)
A22: Tenant A – Seller Leaseback ($/acre/mo) | B22: 24000
A23: Tenant B – PavXpress ($/acre/mo) | B23: 24000
A24: Tenant A Annual Rent | B24: =B7*B22*12 -> 576000
A25: Tenant B Annual Rent | B25: =B8*B23*12 -> 777600
A26: Gross Rental Income | B26: =B24+B25+B28 -> 1498600
A27: OPEX (per year)
A28: Total Operating Expenses ($/yr) | B28: 145000
A29: Seller Leaseback OpEx (2 acres) | B29: =-B28*(B7/B5) -> -61702.128
A30: PavXpress OpEx (2.7 acres) | B30: =-B28*(B8/B5) -> -83297.872
A31: Net Rental Income | B31: =B26+B29+B30 -> 1353600
A33: RETURNS
A34: Net Operating Income (NOI) | B34: =B31 -> 1353600
A35: Cap Rate (NOI / Price) | B35: =B34/B12 -> 0.096685714
A36: Annual Cash Flow (NOI – Debt Service) | B36: =B34-B19 -> 128044.87
A37: Cash-on-Cash (CF / Equity) | B37: =B36/B16 -> 0.050213675
A38: DSCR (NOI / Debt Service) | B38: =B34/B19 -> 1.1044791

Sheet Cash Flow
A1: PavCorp – 24 Andrews Dr | 10-Year Cash Flow
A2: Blue = input (edit me). Black = calculated. All assumptions pull from Sheet1.
A4: ASSUMPTIONS
A5: Seller Leaseback (annual %) | B5: 0.035
A6: PavXpress (annual %) | B6: 0.035
A7: Operating expenses Year 1 ($) | B7: 145000
A8: OpEx growth (annual %) | B8: 0.03
A10: 10-YEAR CASH FLOW
A11: Year | B11: 1 | C11: =B11+1 -> 2 | D11: =C11+1 -> 3 | E11: =D11+1 -> 4 | F11: =E11+1 -> 5 | G11: =F11+1 -> 6 | H11: =G11+1 -> 7 | I11: =H11+1 -> 8 | J11: =I11+1 -> 9 | K11: =J11+1 -> 10
A12: Seller Leaseback | B12: ='Aquisition Model'!$B$24-B15 -> 637702.13 | C12: =(B12+B15)*(1+$B$5)-C15 -> 659713.19 | D12: =(C12+C15)*(1+$B$5)-D15 -> 682485.39 | E12: =(D12+D15)*(1+$B$5)-E15 -> 706045.08 | F12: =(E12+E15)*(1+$B$5)-F15 -> 730419.54 | G12: =(F12+F15)*(1+$B$5)-G15 -> 755636.99 | H12: =(G12+G15)*(1+$B$5)-H15 -> 781726.64 | I12: =(H12+H15)*(1+$B$5)-I15 -> 808718.69 | J12: =(I12+I15)*(1+$B$5)-J15 -> 836644.41 | K12: =(J12+J15)*(1+$B$5)-K15 -> 865536.16
A13: PavXpress | B13: ='Aquisition Model'!$B$25-B16 -> 860897.87 | C13: =(B13+B16)*(1+$B$6)-C16 -> 890612.81 | D13: =(C13+C16)*(1+$B$6)-D16 -> 921355.27 | E13: =(D13+D16)*(1+$B$6)-E16 -> 953160.85 | F13: =(E13+E16)*(1+$B$6)-F16 -> 986066.37 | G13: =(F13+F16)*(1+$B$6)-G16 -> 1020109.9 | H13: =(G13+G16)*(1+$B$6)-H16 -> 1055331 | I13: =(H13+H16)*(1+$B$6)-I16 -> 1091770.2 | J13: =(I13+I16)*(1+$B$6)-J16 -> 1129470 | K13: =(J13+J16)*(1+$B$6)-K16 -> 1168473.8
A14: Gross Rental Income | B14: =B12+B13 -> 1498600 | C14: =C12+C13 -> 1550326 | D14: =D12+D13 -> 1603840.7 | E14: =E12+E13 -> 1659205.9 | F14: =F12+F13 -> 1716485.9 | G14: =G12+G13 -> 1775746.9 | H14: =H12+H13 -> 1837057.6 | I14: =I12+I13 -> 1900488.9 | ... K14: =K12+K13 -> 2034010
A15: Operating Expenses - Seller Leaseback | B15: =-$B$7*('Aquisition Model'!$B$7/'Aquisition Model'!$B$5) -> -61702.128 | C15: =B15*(1+$B$8) -> -63553.191 | D15: =C15*(1+$B$8) -> -65459.787 | E15: =D15*(1+$B$8) -> -67423.581 | F15: =E15*(1+$B$8) -> -69446.288 | G15: =F15*(1+$B$8) -> -71529.677 | H15: =G15*(1+$B$8) -> -73675.567 | I15: =H15*(1+$B$8) -> -75885.834 | J15: =I15*(1+$B$8) -> -78162.409 | K15: =J15*(1+$B$8) -> -80507.282
A16: Operating Expenses - PavXpress | B16: =-$B$7*('Aquisition Model'!$B$8/'Aquisition Model'!$B$5) -> -83297.872 | C16: =B16*(1+$B$8) -> -85796.809 | D16: =C16*(1+$B$8) -> -88370.713 | E16: =D16*(1+$B$8) -> -91021.834 | F16: =E16*(1+$B$8) -> -93752.489 | G16: =F16*(1+$B$8) -> -96565.064 | H16: =G16*(1+$B$8) -> -99462.016 | I16: =H16*(1+$B$8) -> -102445.88 | J16: =I16*(1+$B$8) -> -105519.25 | K16: =J16*(1+$B$8) -> -108684.83
A17: NOI | B17: =B14+B15+B16 -> 1353600 | C17: =C14+C15+C16 -> 1400976 | D17: =D14+D15+D16 -> 1450010.2 | E17: =E14+E15+E16 -> 1500760.5 | F17: =F14+F15+F16 -> 1553287.1 | G17: =G14+G15+G16 -> 1607652.2 | H17: =H14+H15+H16 -> 1663920 | I17: =I14+I15+I16 -> 1722157.2 | ... K17: =K14+K15+K16 -> 1844817.9
A18: Debt Service | B18: =-'Aquisition Model'!$B$19 -> -1225555.1 | C18: =-'Aquisition Model'!$B$19 -> -1225555.1 | D18: =-'Aquisition Model'!$B$19 -> -1225555.1 | E18: =-'Aquisition Model'!$B$19 -> -1225555.1 | F18: =-'Aquisition Model'!$B$19 -> -1225555.1 | G18: =-'Aquisition Model'!$B$19 -> -1225555.1 | H18: =-'Aquisition Model'!$B$19 -> -1225555.1 | I18: =-'Aquisition Model'!$B$19 -> -1225555.1 | ... K18: =-'Aquisition Model'!$B$19 -> -1225555.1
A19: Cash Flow After Debt | B19: =B17+B18 -> 128044.87 | C19: =C17+C18 -> 175420.87 | D19: =D17+D18 -> 224455.03 | E19: =E17+E18 -> 275205.39 | F19: =F17+F18 -> 327732.01 | G19: =G17+G18 -> 382097.06 | H19: =H17+H18 -> 438364.88 | I19: =I17+I18 -> 496602.08 | ... K19: =K17+K18 -> 619262.73
A20: Cumulative Cash Flow | B20: =B19 -> 128044.87 | C20: =B20+C19 -> 303465.74 | D20: =C20+D19 -> 527920.78 | E20: =D20+E19 -> 803126.16 | F20: =E20+F19 -> 1130858.2 | G20: =F20+G19 -> 1512955.2 | H20: =G20+H19 -> 1951320.1 | I20: =H20+I19 -> 2447922.2 | J20: =I20+J19 -> 3004799.8 | K20: =J20+K19 -> 3624062.5
A21: DSCR (NOI / Debt Service) | B21: =B17/-B18 -> 1.1044791 | C21: =C17/-C18 -> 1.1431358 | D21: =D17/-D18 -> 1.1831456 | E21: =E17/-E18 -> 1.2245557 | F21: =F17/-F18 -> 1.2674151 | G21: =G17/-G18 -> 1.3117747 | H21: =H17/-H18 -> 1.3576868 | I21: =I17/-I18 -> 1.4052058 | ... K21: =K17/-K18 -> 1.5052916
A22: Cash-on-Cash (CF / Equity) | B22: =B19/'Aquisition Model'!$B$16 -> 0.050213675 | C22: =C19/'Aquisition Model'!$B$16 -> 0.068792499 | D22: =D19/'Aquisition Model'!$B$16 -> 0.088021581 | E22: =E19/'Aquisition Model'!$B$16 -> 0.10792368 | F22: =F19/'Aquisition Model'!$B$16 -> 0.12852236 | G22: =G19/'Aquisition Model'!$B$16 -> 0.14984198 | H22: =H19/'Aquisition Model'!$B$16 -> 0.1719078 | I22: =I19/'Aquisition Model'!$B$16 -> 0.19474591 | ... K22: =K19/'Aquisition Model'!$B$16 -> 0.24284813
